 Dungeon Crawl Stone Soup version 0.31-a0-112-gdf0485fa37 (webtiles) character file.

Game seed: 13534997691728262444

127 porpoise the Chopper (level 5, -1/47 HPs)
             Began as a Hill Orc Monk on May 29, 2023.
             Killed by nerve-wracking pain
             ... invoked by an orc priest
              (7 damage)
             ... on level 3 of the Dungeon.
             The game lasted 00:05:26 (1758 turns).

porpoise the Chopper (Hill Orc Monk)                Turns: 1758, Time: 00:05:27

Health: -1/47      AC:  7    Str: 16    XL:     5   Next: 11%
Magic:  0/5        EV: 11    Int: 16    God:
Gold:   113        SH:  0    Dex: 13    Spells: 4/4 levels left

rFire   . . .        a - +0 hand axe
rCold   . . .        d - orb {light}
rNeg    . . .        l - +0 ring mail
rPois   .            i - +0 helmet
rElec   .            b - +0 cloak
rCorr   .            (no gloves)
SInv    .            (no boots)
Will    .....        p - amulet of guardian spirit
Stlth   +            j - +6 ring of intelligence
HPRegen 0.27/turn    (no ring)
MPRegen 0.09/turn

%: guardian spirit
@: brilliant, attractive, glowing
A: no striking features
a: Convert to Beogh


You were on level 3 of the Dungeon.
You visited 1 branch of the dungeon, and saw 3 of its levels.

You collected 113 gold pieces.

Inventory:

Hand Weapons
 a - a +0 hand axe (weapon)
Armour
 b - a +0 cloak (worn)
 d - an orb of light (worn)
 i - a +0 helmet (worn)
 l - a +0 ring mail (worn)
Jewellery
 j - a +6 ring of intelligence (left hand)
 p - an amulet of guardian spirit (around neck)
Scrolls
 f - 5 scrolls of identify {unknown}
 g - a scroll of fog {unknown}
 k - a scroll of enchant weapon {unknown}
 n - 2 scrolls of teleportation {unknown}
Potions
 c - a potion of ambrosia
 e - a potion of brilliance
 h - a potion of degeneration {unknown}
 m - a potion of attraction
 o - a potion of might {unknown}


   Skills:
 + Level 4.9 Fighting
 * Level 5.9 Axes
 - Level 2.9 Dodging


You had 4 spell levels left.
You didn't know any spells.
Your spell library was empty.

Dungeon Overview and Level Annotations

Branches:
Dungeon (3/15)

Altars:

Shops:
D:1 *


Message History

The orc priest shouts, "Beogh is our master!
Accept the truth or die!"
The orc priest hits you with a +0 dagger.
The orc priest shouts, "Beogh is our master!
Accept the truth or die!"
You hit the orc priest.
The orc priest is severely wounded.
The orc priest barely misses you.
A frilled lizard comes into view.
You hit the orc priest but do no damage.
The orc priest is severely wounded.
The orc priest threatens, "By the altar or by the axe, you will meet Beogh!"
The orc priest closely misses you.
You barely miss the orc priest.
The orc priest is severely wounded.
The orc priest invokes the aid of Beogh against you.
Pain shoots through your body!
* * * LOW HITPOINT WARNING * * *
You are too injured to fight recklessly!
You are too injured to fight recklessly!
The orc priest shouts, "Beogh is our master!
Accept the truth or die!"
The orc priest threatens, "By the altar or by the axe, you will meet Beogh!"
You hit the orc priest but do no damage.
The orc priest is severely wounded.
The orc priest barely misses you.
You slash the orc priest!
You kill the orc priest!
The orc priest begins to cast a cantrip, but forgets the words!
You have reached level 5!
You feel stronger.
You slash the frilled lizard!
You kill the frilled lizard!
The orc priest calls down the wrath of Beogh upon you.
Beogh smites you!
* * * LOW HITPOINT WARNING * * *
It was a potion of brilliance.
You feel clever all of a sudden.
It was a potion of attraction.
You feel attractive to monsters.
The orc priest invokes the aid of Beogh against you.
Pain shoots through your body!
You die...

##..# #..#
#..# #.## #.#
#.## .# #..#
#..#
#..#####....##
#.....@o......
##.#####.#..##
#.# # #.# #.#
..# ..# #..


You could see an orc priest.

Vanquished Creatures
  An orc priest (D:3)
  3 gnolls (D:3)
  An adder (D:2)
  2 worms (D:2)
  A dart slug (D:1)
  3 orcs (D:3)
  5 endoplasms
  A giant cockroach (D:2)
  2 hobgoblins
  4 jackals
  A quokka (D:2)
  8 ball pythons
  2 bats
  A frilled lizard (D:3)
  6 kobolds
  8 rats
49 creatures vanquished.

Notes
Turn   | Place    | Note
-------+----------+-------------------------------------------
     0 | D:1      | porpoise the Hill Orc Monk began the quest for the Orb.
     0 | D:1      | Reached XP level 1. HP: 19/19 MP: 1/1
   198 | D:1      | Reached XP level 2. HP: 27/27 MP: 2/2
   256 | D:1      | Found a transporter.
   258 | D:1      | Found Wopor's General Store.
   260 | D:1      | Found a transporter.
   584 | D:2      | Reached XP level 3. HP: 33/33 MP: 3/3
   599 | D:2      | Found a faded altar of an unknown god.
  1373 | D:3      | Reached skill level 5 in Axes
  1414 | D:3      | Reached XP level 4. HP: 16/41 MP: 1/4
  1756 | D:3      | Reached XP level 5. HP: 15/47 MP: 1/5
  1758 | D:3      | Killed from afar by an orc priest

Illustrated notes

Levels and vault maps discovered:
D:1:      spicycebolla_green_bress_n_ham, layout_rooms, serial_shops,
          nicolae_shop_drivethru
D:2:      layout_loops_ring, basic_ecumenical_altar
D:3:      layout_loops_ring

Skill      XL: |  1  2  3 |
---------------+----------+-----
Fighting       | 4 |  4.9
Axes           | 5 |  5.9
Dodging        | |  2.9

Action                     |  1- 3 |  4- 6 || total
---------------------------+-------+-------++-------
  Melee: Hand axe          |   129 |    31 ||   160
    Use: Potion            |       |     2 ||     2
 Armour: Robe              |     5 |       ||     5
         Leather armour    |    11 |       ||    11
         Ring mail         |    24 |     4 ||    28
  Dodge: Dodged            |    93 |    12 ||   105

Table legend: (Time is in decaauts)
 A = Elapsed time spent in this place.
 B = Non-inter-level travel time spent in this place.
 C = Inter-level travel time spent in this place.
 D = Time resting spent in this place.
 E = Time spent auto-exploring this place.
 F = Levels seen in this place.
 G = Mean time per level.
                   A        B        C        D        E       F      G
               +--------+--------+--------+--------+--------+-----+--------+
         Total |   1767 |   1751 |     16 |    321 |    997 |   3 |  589.0 |
       Dungeon |   1767 |   1751 |     16 |    321 |    997 |   3 |  589.0 |
               +--------+--------+--------+--------+--------+-----+--------+

Top non-repeatable levels by time:
     D:2: 767 daAuts
     D:1: 543 daAuts
     D:3: 456 daAuts
